 Dungeon Crawl Stone Soup version 0.31-a0-174-g85c54bcb58 (webtiles) character file.

Game seed: 12067296414271480110

403 qw the Shooter (level 6, -2/38 HPs)
             Began as a Gargoyle Hunter on June 15, 2023.
             Was an Initiate of Okawaru.
             Slain by an orc wizard
             ... wielding a +0 dagger
              (4 damage)
             ... on level 4 of the Dungeon.
             The game lasted 00:01:04 (2875 turns).

qw the Shooter (Gargoyle Hunter)                    Turns: 2875, Time: 00:01:05

Health: -2/38      AC:  7    Str: 14    XL:     6   Next: 86%
Magic:  6/6        EV: 12    Int: 10    God:    Okawaru [......]
Gold:   233        SH:  0    Dex: 15    Spells: 5/5 levels left

rFire   + . .        Y - +0 shortbow
rCold   . . .        (shield currently unavailable)
rNeg    + . .        c - +0 leather armour
rPois   inf          (no helmet)
rElec   +            (no cloak)
rCorr   .            (no gloves)
SInv    .            (no boots)
Will    .....        (no amulet)
Stlth   ++           i - ring of protection from fire
HPRegen 0.26/turn    (no ring)
MPRegen 0.10/turn

%: no passive effects
@: no status effects
A: sickness immunity, AC +4, negative energy resistance 1, electricity
resistance, torment resistance 1, petrification resistance
a: Renounce Religion


You were on level 4 of the Dungeon.
You worshipped Okawaru.
Okawaru was noncommittal.
You visited 1 branch of the dungeon, and saw 4 of its levels.

You collected 233 gold pieces.


Innate Abilities, Weirdness & Mutations

You are immune to sickness and miasma.
Your stone body is resilient. (AC +4)
You are immune to poison.
You resist negative energy. (rN+)
You are resistant to electric shocks. (rElec)
You are resistant to unholy torment.
You are immune to petrification.


   Skills:
 - Level 4.1 Fighting
 - Level 7.1 Ranged Weapons
 + Level 1.8 Dodging
 - Level 1.1 Stealth


You had 5 spell levels left.
You didn't know any spells.
Your spell library was empty.

Inventory:

Hand Weapons
 Y - a +0 shortbow (weapon)
Armour
 c - a +0 leather armour (worn)
Jewellery
 i - a ring of protection from fire (left hand)
 k - a ring of flight
Scrolls
 d - 3 scrolls of fear {unknown}
 e - a scroll of enchant weapon {unknown}
 g - 2 scrolls of identify
Potions
 b - a potion of attraction
 f - a potion of lignification {unknown}
 h - a potion of ambrosia {unknown}
 j - a potion of degeneration {unknown}

Dungeon Overview and Level Annotations

Branches:
Dungeon (4/15)             Temple (0/1) D:4

Altars:
Okawaru
Ru
Uskayaw


Message History

Okawaru accepts your kill.
You hear some strange, mumbled words.
A magic dart appears from out of thin air!
The magic dart hits you! The orc misses you.
You shoot an arrow.
The arrow hits the orc but does no damage.
Something hits you but does no damage. The orc hits you but does no damage.
You shoot an arrow. The arrow hits the orc!
You kill the orc!
Okawaru accepts your kill. Something hits you but does no damage.
You shoot an arrow. Something hits you.
You shoot an arrow. Something hits you.
You shoot an arrow. Something hits you but does no damage.
You shoot an arrow. Something hits you but does no damage. Something hits you.
You shoot an arrow.
An orc wizard appears from thin air!
Reactivating autopickup.
The orc wizard gestures wildly while chanting.
The orc wizard flickers and vanishes!
Deactivating autopickup; reactivate with Ctrl-A.
You shoot an arrow.
You hear some strange, mumbled words.
A magic dart appears from out of thin air!
The magic dart hits you.
You shoot an arrow. Something hits you.
You shoot an arrow. Something hits you but does no damage.
You shoot an arrow. Something hits you.
You shoot an arrow. Something hits you but does no damage.
You shoot an arrow. Something hits you.
You die...

...# ...#
###.##### )..#
#...$...# ...#
#.......#
##.#######.......#
.................#
##..#####........#
##....#
#.......{###.#
.#....#
#.......@).).#
.#....#
#.......)#####
.####.# #........#
.# #.# #........#
.# #.# #.##+#####
.# #.###.# ..# .#
#.....###.### .#
#####...#...#
#########'#...#.#


There were no monsters in sight!

Vanquished Creatures
  Pargi (D:3)
  A black bear (D:4)
  A scorpion (D:4)
  An orc priest (D:3)
  An orc wizard (D:3)
  3 adders
  A worm (D:2)
  2 dart slugs
  8 orcs
  8 bats
  5 endoplasms
  A giant cockroach (D:1)
  5 goblins
  4 hobgoblins
  2 quokkas (D:1)
  4 ball pythons
  2 frilled lizards
  10 kobolds
  6 rats
66 creatures vanquished.

Notes
Turn   | Place    | Note
-------+----------+-------------------------------------------
     0 | D:1      | qw the Gargoyle Hunter began the quest for the Orb.
     0 | D:1      | Reached XP level 1. HP: 12/12 MP: 1/1
     0 | D:1      | 0 ||| qw: Version: 0.2-a-29-g511e9b1
     0 | D:1      | 0 ||| qw: Game counter: 5214
     0 | D:1      | 0 ||| qw: Always use a shield: true
     0 | D:1      | 0 ||| qw: God list: Okawaru
     0 | D:1      | 0 ||| qw: Allow faded altars: false
     0 | D:1      | 0 ||| qw: Do Orc after D:15 true
     0 | D:1      | 0 ||| qw: Do second Lair branch before Depths: true
     0 | D:1      | 0 ||| qw: Lair rune preference: random
     0 | D:1      | 0 ||| qw: Plans: Normal, Zot:1-4, Slime:5, God:TSO, Crypt,
                  | Tomb, Abyss, Pan, Hells, Win
     0 | D:1      | 0 ||| PLANNING D:1-11
   120 | D:1      | Reached XP level 2. HP: 17/17 MP: 2/2
   753 | D:1      | 753 ||| READING 2 scrolls labelled RAGIUC VAGUGG.
   754 | D:1      | 754 ||| READING 4 scrolls labelled QUARGH KARYSHRAN.
   755 | D:1      | 755 ||| READING 3 scrolls of identify.
   755 | D:1      | 755 ||| IDENTIFYING brown potion
   756 | D:1      | 756 ||| READING 2 scrolls of identify.
   756 | D:1      | 756 ||| IDENTIFYING smoky coppery potion
   757 | D:1      | 757 ||| DROPPING scroll of vulnerability.
   758 | D:1      | 758 ||| DROPPING scroll of butterflies.
   759 | D:1      | 759 ||| DROPPING potion of enlightenment.
   789 | D:2      | Found a sacrificial altar of Ru.
  1008 | D:2      | Reached XP level 3. HP: 21/21 MP: 3/3
  1160 | D:2      | Reached skill level 5 in Ranged Weapons
  1647 | D:2      | 1647 ||| UPGRADING to ring of protection from fire.
  1648 | D:2      | 1648 ||| READING scroll labelled GUMAEG VOUMM.
  1649 | D:2      | 1649 ||| DRINKING 2 smoky yellow potions.
  1650 | D:2      | 1650 ||| READING 2 scrolls of identify.
  1650 | D:2      | 1650 ||| IDENTIFYING fizzy brown potion
  1651 | D:2      | 1651 ||| DROPPING potion of berserk rage.
  1719 | D:3      | Reached skill level 3 in Fighting
  1760 | D:3      | Reached XP level 4. HP: 28/28 MP: 4/4
  1820 | D:3      | 1820 ||| FLEEEEING.
  1850 | D:3      | Found a faded altar of an unknown god.
  1870 | D:3      | Noticed Pargi
  1883 | D:3      | Killed Pargi
  1884 | D:3      | Reached skill level 6 in Ranged Weapons
  1884 | D:3      | Reached XP level 5. HP: 10/32 MP: 5/5
  2111 | D:3      | Found an iron altar of Okawaru.
  2112 | D:3      | 2112 ||| PLANNING OKAWARU WORSHIP
  2118 | D:3      | 2118 ||| READING 2 scrolls of identify.
  2118 | D:3      | 2118 ||| IDENTIFYING glowing cyan potion
  2126 | D:3      | Became a worshipper of Warmaster Okawaru
  2127 | D:3      | 2127 ||| PLANNING D:1-11
  2152 | D:4      | Found a staircase to the Ecumenical Temple.
  2247 | D:4      | Reached XP level 6. HP: 37/37 MP: 6/6
  2512 | D:4      | Noticed a black bear
  2528 | D:4      | HP: 5/38 [black bear (5)]
  2529 | D:4      | 2529 ||| DRINKING potion of heal wounds.
  2531 | D:4      | Killed a black bear
  2532 | D:4      | Reached skill level 7 in Ranged Weapons
  2815 | D:4      | Found a hide-covered altar of Uskayaw.
  2855 | D:4      | 2855 ||| DRINKING potion of curing.
  2855 | D:4      | 2855 ||| (to cure confusion)
  2868 | D:4      | HP: 9/38 [something (1)]
  2871 | D:4      | HP: 2/38 [something (3)]
  2875 | D:4      | Slain by an orc wizard

Levels and vault maps discovered:
D:1:      doesnt_arrival_eight_statues, layout_basic
D:2:      layout_loops_corners, basic_altar
D:3:      layout_rooms, okawaru_gym_becter, shapermc_ecumenical_altar_pompeii,
          uniq_pargi
D:4:      layout_basic, lemuel_tele_altar, temple_statues

Skill      XL: |  1  2  3  4  5  6 |
---------------+-------------------+-----
Ranged Weapons | 5 6 7 |  7.1
Fighting       | 3 4 |  4.1
Dodging        | |  1.8
Stealth        | |  1.1

Action                     |  1- 3 |  4- 6 || total
---------------------------+-------+-------++-------
   Fire: Shortbow          |   131 |   144 ||   275
    Use: Scroll            |     6 |     1 ||     7
         Potion            |     1 |     2 ||     3
 Armour: Leather armour    |    33 |    61 ||    94
  Dodge: Dodged            |    20 |    69 ||    89

Table legend:
 A = Non-vault XP
 B = Vault XP
 C = Vault XP percentage of total XP
 D = Non-vault monster count
 E = Vault monster count
 F = Vault count percentage of total count
                 A         B        C        D         E       F
            +---------+---------+-------+---------+---------+-------
      Total |     440 |     136 |  23.6 |      65 |       1 |   1.5
            +---------+---------+-------+---------+---------+-------
        D:1 |      28 |       0 |   0.0 |      18 |       0 |   0.0
        D:2 |      40 |       0 |   0.0 |      16 |       0 |   0.0
        D:3 |     113 |     136 |  54.6 |      17 |       1 |   5.6
        D:4 |     259 |       0 |   0.0 |      14 |       0 |   0.0
            +---------+---------+-------+---------+---------+-------
